 Dungeon Crawl Stone Soup version 0.26.1-11-gd32895ea62 (webtiles) character file.

Game seed: 3199630661215144175

451 Shirokaze the Chopper (level 6, -1/55 HPs)
             Began as a Palentonga Fighter on Apr 18, 2021.
             Succumbed to a gnoll sergeant's poison
             ... on level 3 of the Dungeon.
             The game lasted 00:11:01 (2501 turns).

Shirokaze the Chopper (Palentonga Fighter)          Turns: 2501, Time: 00:11:01

Health: -1/55      AC:  8    Str: 21    XL:     6   Next: 75%
Magic:  6/6        EV:  6    Int:  9    God:
Gold:   249        SH:  9    Dex:  9    Spells: 5/5 levels left

rFire    . . .     SeeInvis +   a - +0 war axe
rCold    . . .     Faith    .   c - +0 kite shield
rNeg     . . .     Spirit   .   b - +0 scale mail
rPois    .         Reflect  .   e - +0 hat
rElec    .         Harm     .   r - +0 cloak
rCorr    .         Rampage  .   (no gloves)
Will     +....                  (no barding)
Stlth    ..........             (no amulet)
HPRegen  0.18/turn              (no ring)
MPRegen  0.10/turn              (no ring)

@: lethally poisoned (-1 -> -15), glowing
A: large, rugged brown scales 3, see invisible, deformed body, strong-willed 1,
wild magic 1, roll 1, armoured tail
a: Rolling Charge


You were on level 3 of the Dungeon.
You visited 1 branch of the dungeon, and saw 3 of its levels.

You collected 249 gold pieces.

Inventory:

Hand Weapons
 a - a +0 war axe (weapon)
Armour
 b - a +0 scale mail (worn)
 c - a +0 kite shield (worn)
 e - a +0 hat (worn)
 r - a +0 cloak (worn)
Scrolls
 f - a scroll of magic mapping {unknown}
 g - a scroll of fog {unknown}
 h - a scroll of fear {unknown}
 i - a scroll of teleportation
 n - a scroll of remove curse {unknown}
 q - 2 scrolls of immolation {unknown}
Potions
 l - a potion of flight {unknown}


   Skills:
 + Level 3.7 Fighting
 + Level 5.1 Axes
 + Level 3.5 Armour
 + Level 1.1 Dodging
 + Level 0.2 Stealth
 + Level 3.3 Shields


You had 5 spell levels left.
You didn't know any spells.
Your spell library contained the following spells:

 Spells                   Type           Power        Failure   Level
 Magic Dart               Conj           0%           99%         1
 Blink                    Tloc           N/A          100%        2
 Call Imp                 Summ           0%           100%        2
 Slow                     Hex            0%           100%        2
 Conjure Flame            Conj/Fire      0%           100%        3
 Mephitic Cloud           Conj/Pois/Air  0%           100%        3


Dungeon Overview and Level Annotations

Branches:
Dungeon (3/15)

Altars:

Annotations:
D:3 1 transporter, jombi's ghost, amateur KoSu


Innate Abilities, Weirdness & Mutations

You are completely covered in rugged brown scales. (AC +3, +7% HP)
You have supernaturally acute eyesight. (SInv)
Armour fits poorly on your strangely shaped body.
You can roll at nearby foes to attack.
You have a long armoured tail.
You are strong-willed. (Will+)
Your spells are a little harder to cast, but a little more powerful.


Message History

Your Axes skill increases to level 5!
You barely miss the gnoll.
Your tail-slap misses the gnoll.
The gnoll is almost dead.
* * * LOW HITPOINT WARNING * * *
You feel very sick. You block the gnoll's attack.
You slash the gnoll!
You kill the gnoll!
* * * LOW HITPOINT WARNING * * *
You feel very sick.
It was a potion of mutation.
You feel extremely strange.
You feel less in control of your magic.
You feel strong-willed.
* * * LOW HITPOINT WARNING * * *
You feel sick.
* * * LOW HITPOINT WARNING * * *
You feel sick.
Things that are here:
a +3 halberd of venom; 9 gold pieces; a +0 club; a gnoll corpse You closely miss jombi's ghost.
You die...

#............................##.
#..≈≈≈≈≈≈≈≈≈≈≈.(.≈≈≈≈≈≈≈≈≈≈≈.##.
#..≈≈≈≈≈≈≈≈≈≈≈...≈≈≈≈≈≈≈≈≈≈≈....
#..≈≈#####...........#####≈≈.#.(
#..≈≈#W..#.###.©.###.#...#≈≈....
#..≈≈#...###g#####g###...#≈≈.##.
#..≈≈###...............###≈≈....
#..≈≈.8#.######)###'##.#8.≈≈....
#..≈≈.##.# #8@)#..P#.##.≈≈...#
##.≈≈.#..' #⌠W)....'.g#.≈≈.###
#.≈≈.##.# #8..#P..#?##.≈≈.# #
#.≈≈.8#.# ####'## '##.#8.≈≈.###
#.≈≈###...............###≈≈.##.
#.≈≈#gg.###.#####.###...#≈≈....
#.≈≈#g..#.###.©.###.#...#≈≈.##.
#.≈≈#####...........#####≈≈..>.
#.≈≈≈≈≈≈≈≈≈≈≈≈≈≈≈≈≈≈≈≈≈≈≈≈≈....


You could see jombi's ghost.

Vanquished Creatures
  Sigmund (D:2)
  A gnoll sergeant (D:3)
  Crazy Yiuf (D:2)
  A gnoll shaman (D:3)
  An orc wizard (D:3)
  5 gnolls (D:3)
  3 adders
  An ooze (D:1)
  A worm (D:3)
  A dart slug (D:1)
  2 leopard geckos (D:2)
  3 orcs (D:3)
  3 ball pythons
  4 giant cockroaches
  5 goblins
  5 hobgoblins
  11 bats
  2 frilled lizards (D:1)
  12 kobolds
  6 rats
69 creatures vanquished.

Vanquished Creatures (others)
  A leopard gecko (D:1)
  4 plants (D:3)
5 creatures vanquished.

Grand Total: 74 creatures vanquished

Notes
Turn   | Place    | Note
-------+----------+-------------------------------------------
     0 | D:1      | Shirokaze the Palentonga Fighter began the quest for the
                  | Orb.
     0 | D:1      | Reached XP level 1. HP: 20/20 MP: 1/1
   116 | D:1      | Reached XP level 2. HP: 18/27 MP: 2/2
   573 | D:1      | Reached XP level 3. HP: 33/33 MP: 3/3
   611 | D:1      | Reached skill level 3 in Axes
   838 | D:2      | Noticed Sigmund
   852 | D:2      | Killed Sigmund
   853 | D:2      | Reached skill level 4 in Axes
   853 | D:2      | Reached XP level 4. HP: 26/40 MP: 4/4
   853 | D:2      | Reached XP level 5. HP: 31/48 MP: 5/5
  1360 | D:2      | Found a runed translucent door.
  1361 | D:2      | Noticed Crazy Yiuf
  1370 | D:2      | Killed Crazy Yiuf
  1951 | D:3      | Reached XP level 6. HP: 25/54 MP: 6/6
  2153 | D:3      | Identified the cursed +0 scale mail of Poipy {rF++}
  2153 | D:3      | Identified the -4 kite shield of the Harp {Regen+}
  2339 | D:3      | Noticed jombi's ghost (amateur KoSu)
  2358 | D:3      | Found a transporter.
  2465 | D:3      | Found a transporter.
  2486 | D:3      | Reached skill level 1 in Dodging
  2497 | D:3      | Reached skill level 5 in Axes
  2499 | D:3      | Gained mutation: Your spells are a little harder to cast,
                  | but a little more powerful. [potion of mutation]
  2499 | D:3      | Gained mutation: You are strong-willed. (Will+) [potion of
                  | mutation]
  2500 | D:3      | HP: 1/55 [poisoned by a gnoll sergeant]
  2501 | D:3      | Succumbed to a gnoll sergeant's poison

Illustrated notes

Levels and vault maps discovered:
D:1:      nzn_arrival_depleted_hourglass, layout_basic
D:2:      layout_loops_cross, kennysheep_generic_room_13,
          uniq_crazy_yiuf_cottage, uniq_sigmund
D:3:      layout_rooms, gammafunk_ghost_gnarly_gnolls

Skill      XL: |  1  2  3  4  5  6 |
---------------+-------------------+-----
Axes           | 4 5 |  5.1
Armour         | 3 |  3.5
Shields        | 3 |  3.3
Dodging        | 1 |  1.1
Fighting       | |  3.7
Stealth        | |  0.2

Action                   |  1- 3 |  4- 6 || total
-------------------------+-------+-------++-------
Melee: War axe           |    99 |   113 ||   212
       Tailslap          |     7 |    12 ||    19
 Abil: Rolling Charge    |    23 |    27 ||    50
  Use: Potion            |     1 |     5 ||     6
       Scroll            |     1 |     3 ||     4
Armor: Scale mail        |    39 |    80 ||   119
Dodge: Dodged            |    24 |    37 ||    61
Block: Kite shield       |    42 |    73 ||   115
